 Dungeon Crawl Stone Soup version 0.28-a0-1382-g92835e5c71 (webtiles) character file.

Game seed: 13509992534310792925

10703 fragbeetle the Basher (level 11, 0/109 HPs)
             Began as a Troll Berserker on Jan 1, 2022.
             Was a High Priest of Trog.
             Slain by a basilisk (3 damage)
             ... while petrified by a basilisk
             ... on level 10 of the Dungeon.
             The game lasted 00:32:50 (7609 turns).

fragbeetle the Basher (Troll Berserker)             Turns: 7609, Time: 00:32:51

Health: 0/109      AC:  6    Str: 37    XL:     11   Next: 39%
Magic:  10/10      EV:  1    Int:  5    God:    Trog [*****.]
Gold:   446        SH:  0    Dex: 12    Spells: 10/10 levels left

rFire   + . .      SeeInvis .   H - +10 bardiche "Zyfay" {elec, rN+ Str+3 Dex+5}
rCold   + + .      Faith    .   (shield currently unavailable)
rNeg    + + +      Spirit   .   E - +2 robe {rN+}
rPois   ∞          Reflect  .   (helmet restricted)
rElec   .          Harm     .   s - scarf {rC+ rF+}
rCorr   .          Rampage  .   (gloves unavailable)
Will    .....                   (boots unavailable)
Stlth   +.........              d - amulet of the acrobat
HPRegen 1.08/turn               r - +4 ring of evasion
MPRegen 0.12/turn               J - ring "Zigucudo" {Fly rC+ Str+7 Dex-4}

@: petrified, flying, studying Staves
A: large, unfitting armour, claws 3, regeneration 1, shaggy fur 1, tough skin 1
a: Renounce Religion, Berserk, Trog's Hand, Brothers in Arms


You were on level 10 of the Dungeon.
You worshipped Trog.
Trog was extremely pleased with you.
You visited 2 branches of the dungeon, and saw 11 of its levels.
You also visited: Ossuary and Bailey.

You collected 446 gold pieces.

Inventory:

Hand Weapons
 g - the +8 longbow of Obsession {flame, rPois Will- Dex+2}
   (You found it on level 9 of the Dungeon)

   Any ammunition fired from it burns those it strikes, dealing additional fire
   damage.
   Dex:       It affects your dexterity (+2).
   rPois:     It protects you from poison.
   Will:      It decreases your willpower.
 h - a +4 battleaxe
 j - a +1 giant spiked club
 n - a +0 morningstar
 H - the +10 bardiche "Zyfay" (weapon) {elec, rN+ Str+3 Dex+5}
   (You took it off an orc priest on level 6 of the Dungeon)

   It occasionally discharges a powerful burst of electricity upon striking a
   foe.
   Str:       It affects your strength (+3).
   Dex:       It affects your dexterity (+5).
   rN:        It protects you from negative energy.
Missiles
 e - 178 stones
 q - 6 boomerangs (quivered)
 z - 9 atropa-tipped darts
 A - 9 throwing nets
 K - 52 arrows
 L - a curare-tipped dart
 M - 3 poisoned darts
Armour
 l - +1 steam dragon scales
 s - a scarf of resistance (worn)
 E - a +2 robe of positive energy (worn)
Jewellery
 d - an amulet of the acrobat (around neck)
 o - an amulet of guardian spirit
 r - a +4 ring of evasion (left claw)
 v - a +4 ring of evasion
 J - the ring "Zigucudo" (right claw) {Fly rC+ Str+7 Dex-4}
   (You found it on level 7 of the Dungeon)

   [ring of flight]

   Str:       It affects your strength (+7).
   Dex:       It affects your dexterity (-4).
   rC:        It protects you from cold.
   Fly:       It grants you flight.
Wands
 k - a wand of acid (5)
 w - a wand of flame (5)
Scrolls
 b - a scroll of fear
 p - 2 scrolls of silence
 x - 7 scrolls of teleportation
 y - a scroll of enchant weapon
 C - 2 scrolls of enchant armour
 D - a scroll of holy word {unknown}
 G - 2 scrolls of blinking {unknown}
 O - a scroll of immolation {unknown}
Potions
 a - a potion of brilliance {unknown}
 c - a potion of ambrosia {unknown}
 f - 2 potions of degeneration {unknown}
 i - 4 potions of curing
 m - 4 potions of might
 t - 4 potions of lignification
 u - a potion of flight {unknown}
 F - 3 potions of attraction
Miscellaneous
 B - a piece from Xom's chessboard (15/15)
 N - a lightning rod (4/4)


   Skills:
 + Level 7.4 Fighting
 + Level 8.7 Maces & Flails
 + Level 6.2 Polearms
 + Level 6.8 Throwing
 + Level 7.3 Dodging


You had 10 spell levels left.
You didn't know any spells.
Your spell library was empty.

Dungeon Overview and Level Annotations

Branches:
Dungeon (10/15)            Temple (1/1) D:6            Lair (0/6) D:10
Ossuary (visited)          Bailey (visited)
    Orc: D:9-12

Altars:
Gozag
Nemelex Xobeh
Okawaru
Ru
Uskayaw
Wu Jian
Xom
Yredelemnul

Shops:
D:3 (


Innate Abilities, Weirdness & Mutations

You are too large for most types of armour.
You have claws for hands.
Your natural rate of healing is unusually fast.
You are covered in fur. (AC +1)
You have tough skin. (AC +1)


Message History

The basilisk gazes at you. You resist with some effort. The iguana bites you!
The basilisk barely misses you.
The iguana bites you but does no damage.
The basilisk bites you.
The iguana bites you but does no damage.
The basilisk bites you! The iguana bites you. The basilisk bites you!
The iguana bites you. The basilisk bites you.
The iguana bites you but does no damage.
You turn to flesh and can move again.
There is a stone staircase leading up here.
You see here a basilisk corpse.
Unknown command.
You closely miss the basilisk. The basilisk gazes at you.
You are slowing down.
The iguana bites you. x2
* * * LOW HITPOINT WARNING * * *
The basilisk bites you!
* * * LOW HITPOINT WARNING * * *
Your limbs are stiffening.
You closely miss the basilisk.
A wolf comes into view.
The basilisk gazes at you. You resist with some effort. The iguana bites you!
* * * LOW HITPOINT WARNING * * *
The basilisk bites you!
* * * LOW HITPOINT WARNING * * *
The iguana closely misses you.
You have turned to stone.
The basilisk bites you but does no damage.
The iguana bites you but does no damage.
The basilisk bites you. The iguana bites you!
* * * LOW HITPOINT WARNING * * *
The wolf howls!
The basilisk bites you!
* * * LOW HITPOINT WARNING * * *
The iguana completely misses you. The basilisk bites you.
You die...

#.......# ##
#.!<....#
..P###.......#
.............#
.............#
......P......#
P.........Z..#
lPP......#l###
PP.[.P...#.@#
>.P.PP...##l#
♣h.P....###..#
......Z.# ##.#
....... ..
.l.P.. ...
...# ...#


You could see a basilisk, an iguana and a howler monkey zombie.

Vanquished Creatures
  2 two-headed ogres (D:9)
  Maurice (D:9)
  A troll (D:10)
  Prince Ribbit (D:7)
  2 wyverns
  A wraith (D:9)
  11 yaks
  4 humans (D:8)
  A basilisk (D:10)
  3 steam dragons
  An acid dragon (D:9)
  3 water moccasins
  2 orc warriors (D:9)
  A black bear (D:10)
  4 ice beasts
  4 ogres
  2 necrophages
  7 wolves
  2 centaurs
  2 kobold brigands (D:8)
  7 bullfrogs
  10 gnoll sergeants (Bailey)
  4 scorpions
  3 water moccasin zombies (Ossuary)
  8 wights
  3 howler monkeys
  A centaur zombie (D:9)
  9 hounds
  8 gnoll shamans
  2 orc priests
  2 bullfrog skeletons (D:5)
  A jelly (D:4)
  4 iguanas
  An orc wizard (D:6)
  2 killer bee zombies
  A hound skeleton (D:4)
  2 mummies (Ossuary)
  A howler monkey zombie (D:9)
  9 adders
  23 gnolls
  2 white imps
  An ufetubus (D:4)
  7 adder zombies
  A worm (D:5)
  2 dart slugs (D:2)
  24 orcs
  4 ball pythons
  7 endoplasms
  4 giant cockroaches
  A gnoll zombie (Ossuary)
  14 goblins
  9 hobgoblins
  6 jackals
  11 kobolds
  6 quokkas
  9 bats
  5 frilled lizards
  8 hobgoblin zombies (Ossuary)
  A kobold zombie (Ossuary)
  5 orc zombies (Ossuary)
  4 rats
287 creatures vanquished.

Vanquished Creatures (others)
  A fungus (D:10)
  6 plants (D:10)
7 creatures vanquished.

Grand Total: 294 creatures vanquished

Notes
Turn   | Place    | Note
-------+----------+-------------------------------------------
     0 | D:1      | fragbeetle the Troll Berserker began the quest for the Orb.
     0 | D:1      | Reached XP level 1. HP: 22/22 MP: 0/0
   152 | D:1      | Reached skill level 3 in Maces & Flails
   152 | D:1      | Reached XP level 2. HP: 24/29 MP: 1/1
   363 | D:1      | Reached ** piety under Trog
   396 | D:1      | Reached XP level 3. HP: 36/36 MP: 2/2
  1391 | D:2      | Reached XP level 4. HP: 35/44 MP: 3/3
  1554 | D:3      | Found Fymomom's Antique Weapon Boutique.
  1639 | D:3      | Reached skill level 4 in Maces & Flails
  1818 | D:3      | Reached XP level 5. HP: 38/53 MP: 4/4
  1836 | D:3      | Found a faded altar of an unknown god.
  1965 | D:3      | Reached *** piety under Trog
  2439 | D:4      | Noticed a necrophage
  2451 | D:4      | Killed a necrophage
  2452 | D:4      | Reached XP level 6. HP: 61/61 MP: 5/5
  2523 | D:4      | Reached skill level 5 in Maces & Flails
  2696 | D:5      | Entered Level 5 of the Dungeon
  2944 | D:5      | Reached skill level 1 in Throwing
  2944 | D:5      | Reached XP level 7. HP: 68/68 MP: 6/6
  3053 | D:5      | Reached skill level 6 in Maces & Flails
  3554 | D:5      | Reached XP level 8. HP: 73/79 MP: 7/7
  3678 | D:6      | Reached **** piety under Trog
  3718 | D:6      | Found a staircase to the Ecumenical Temple.
  3764 | D:6      | Reached skill level 7 in Maces & Flails
  3836 | D:6      | Found a sand-covered staircase.
  3843 | Ossuary  | Entered an ossuary
  4075 | D:6      | Identified the +10 bardiche "Zyfay" {elec, rN+ Str+3 Dex+5}
  4097 | D:6      | Reached skill level 5 in Fighting
  4101 | D:6      | Found a sparkling altar of Nemelex Xobeh.
  4107 | D:6      | Found a white marble altar of Elyvilon.
  4107 | D:6      | Found a sparkling altar of Nemelex Xobeh.
  4109 | D:6      | Found a shimmering altar of Xom.
  4109 | D:6      | Found an ancient bone altar of Kikubaaqudgha.
  4109 | D:6      | Found a shimmering altar of Xom.
  4142 | Temple   | Entered the Ecumenical Temple
  4228 | D:6      | Reached skill level 5 in Dodging
  4362 | D:6      | Reached skill level 1 in Polearms
  4472 | D:6      | Reached XP level 9. HP: 88/88 MP: 8/8
  4762 | D:7      | Reached ***** piety under Trog
  4786 | D:7      | Identified the ring "Zigucudo" {Fly rC+ Str+7 Dex-4}
  4932 | D:7      | Noticed Prince Ribbit
  4951 | D:7      | Killed Prince Ribbit
  5471 | D:8      | Reached XP level 10. HP: 98/98 MP: 9/9
  5550 | D:8      | Reached skill level 5 in Throwing
  5593 | D:8      | Found a basalt altar of Yredelemnul.
  5892 | D:8      | Reached skill level 5 in Polearms
  6082 | D:9      | Noticed Maurice
  6146 | D:9      | Noticed a two-headed ogre
  6230 | D:9      | Identified the +8 longbow of Obsession {flame, rPois Will-
                  | Dex+2}
  6246 | D:9      | Noticed a two-headed ogre
  6252 | D:9      | Killed a two-headed ogre
  6284 | D:9      | Reached skill level 8 in Maces & Flails
  6400 | D:9      | Killed a two-headed ogre
  6406 | D:9      | Paralysed by Maurice for 4 turns
  6482 | D:9      | Reached XP level 11. HP: 109/109 MP: 10/10
  6516 | D:9      | Killed Maurice
  6560 | D:9      | Found a flagged portal.
  6568 | Bailey   | Entered a bailey
  7567 | D:10     | Entered Level 10 of the Dungeon
  7579 | D:10     | Found a staircase to the Lair.
  7608 | D:10     | HP: 2/109 [basilisk (6)]
  7609 | D:10     | Slain by a basilisk

Illustrated notes

Levels and vault maps discovered:
D:1:      dpeg_arrival_subterranean_lakeside_camping, layout_loops_corners,
          minmay_misc_feat_chi
D:2:      layout_rooms
D:3:      layout_rooms, basic_ecumenical_altar, serial_shops,
          nicolae_shop_temple_entry_statues_fountains
D:4:      layout_rooms
D:5:      kennysheep_six_static_rooms, layout_basic
D:6:      layout_basic, doesnt_xom_only_xom, temple_fountains, enter_ossuary_1
D:7:      layout_loops_ring, st_stairs_13, chequers_serial_rivers_small_3,
          kennysheep_flooded_box, kennysheep_cluttered_room, uniq_prince_ribbit1
D:8:      layout_loops_cross, mainiacjoe_overflow_six_doors_small,
          corexii_hall_statues_s, nicolae_concentric_dashed_squares_mild,
          serial_bayou_pond_d, minmay_ruffians
D:9:      layout_loops_ring, enter_bailey_5, uniq_maurice
D:10:     layout_roguey, elyvilon_altar_1, mainiacjoe_overflow_tiny_flanked,
          minmay_lair_entry_grove, st_stairs_1
Temple:   hc_temple_tempest_star

Skill      XL: |  1  2  3  4  5  6  7  8  9 10 11 |
---------------+----------------------------------+-----
Maces & Flails | 3 4 5 6 7 8 |  8.7
Fighting       | 3 4 5 6 7 |  7.4
Dodging        | 3 4 5 6 7 |  7.3
Throwing       | 1 2 3 4 6 |  6.8
Polearms       | 1 4 5 6 |  6.2

Action                   |  1- 3 |  4- 6 |  7- 9 | 10-12 || total
-------------------------+-------+-------+-------+-------++-------
Melee: Mace              |   174 |    33 |       |       ||   207
       Morningstar       |       |   134 |   234 |       ||   368
       Bardiche          |       |       |    78 |   226 ||   304
Invok: Berserk           |     2 |     4 |     5 |     1 ||    12
       Trog's Hand       |       |       |     1 |       ||     1
Evoke: Wand              |       |       |     4 |       ||     4
  Use: Scroll            |       |       |     6 |     9 ||    15
       Potion            |       |       |       |     1 ||     1
 Stab: Sleeping          |       |       |     1 |     1 ||     2
Armor: Animal skin       |    68 |    37 |    18 |       ||   123
       Robe              |       |       |    32 |    34 ||    66
Dodge: Dodged            |   137 |   108 |   339 |   361 ||   945

Table legend: (Time is in decaauts)
 A = Elapsed time spent in this place.
 B = Non-inter-level travel time spent in this place.
 C = Inter-level travel time spent in this place.
 D = Time resting spent in this place.
 E = Time spent auto-exploring this place.
 F = Levels seen in this place.
 G = Mean time per level.
                   A        B        C        D        E       F      G
               +--------+--------+--------+--------+--------+-----+--------+
         Total |   8030 |   7853 |    177 |    368 |   3158 |  13 |  617.7 |
       Dungeon |   7239 |   7062 |    177 |    303 |   3158 |  10 |  723.9 |
        Temple |     20 |     20 |      0 |      0 |      0 |   1 |   20.0 |
       Ossuary |    222 |    222 |      0 |      0 |      0 |   1 |  222.0 |
        Bailey |    548 |    548 |      0 |     65 |      0 |   1 |  548.0 |
               +--------+--------+--------+--------+--------+-----+--------+

Top non-repeatable levels by time:
     D:1: 1121 daAuts
     D:5: 942 daAuts
     D:7: 914 daAuts
     D:9: 912 daAuts
     D:8: 810 daAuts
     D:6: 788 daAuts
     D:3: 630 daAuts
     D:4: 575 daAuts
  Bailey: 548 daAuts
     D:2: 491 daAuts
 Ossuary: 222 daAuts
    D:10: 53 daAuts
  Temple: 20 daAuts
